 Dungeon Crawl Stone Soup version 0.29.1-15-g9cfb28693d (webtiles) character file.

Game seed: 1992747282996737642

96 Carnifexus the Chucker (level 4, -2/33 HPs)
             Began as a Demonspawn Wanderer on Mar 24, 2023.
             Slain by an orc
             ... wielding a +0 mace
              (3 damage)
             ... on level 3 of the Dungeon.
             The game lasted 00:04:41 (2467 turns).

Carnifexus the Chucker (Demonspawn Wanderer)        Turns: 2467, Time: 00:04:42

Health: -2/33      AC:  8    Str: 13 (14) XL:     4   Next: 41%
Magic:  5/5        EV:  9    Int:  9 (12) God:
Gold:   119        SH:  0    Dex: 12 (14) Spells: 5/5 levels left

rFire   . . .      SeeInvis .   n - +9 whip "Wecass Ofet" {vorpal, rElec rPois Will+}
rCold   . . .      Faith    .   (no shield)
rNeg    . . .      Spirit   .   e - +0 scale mail
rPois   +          Reflect  .   (no helmet)
rElec   +          Harm     .   p - scarf {shadows}
rCorr   .          Rampage  .   q - +0 pair of gloves
Will    +....                   o - +0 pair of boots
Stlth   ..........              (no amulet)
HPRegen 0.11/turn               (no ring)
MPRegen 0.09/turn               (no ring)

@: no status effects
A: weakness stinger 1
a: no special abilities


You were on level 3 of the Dungeon.
You visited 1 branch of the dungeon, and saw 3 of its levels.

You collected 119 gold pieces.

Inventory:

Hand Weapons
 a - a +0 dagger
 n - the +9 whip "Wecass Ofet" (weapon) {vorpal, rElec rPois Will+}
   (You found it on level 2 of the Dungeon)

   It inflicts extra damage upon your enemies.
   rElec:     It insulates you from electricity.
   rPois:     It protects you from poison.
   Will:      It increases your willpower.
Missiles
 b - 8 boomerangs (quivered)
Armour
 d - a +0 robe
 e - a +0 scale mail (worn)
 o - a +0 pair of boots (worn)
 p - a scarf of shadows (worn)
 q - a +0 pair of gloves (worn)
Jewellery
 j - an amulet of faith
 l - a ring of ice
Scrolls
 f - 2 scrolls of blinking {unknown}
 g - 2 scrolls of teleportation {unknown}
 i - 2 scrolls of identify {unknown}
 m - a scroll of noise {unknown}
Potions
 c - 2 potions of berserk rage
 k - a potion of ambrosia {unknown}
 r - a potion of cancellation {unknown}
 s - a potion of might {unknown}


   Skills:
 * Level 1.7 Fighting
 * Level 1.3 Short Blades
 + Level 0.8 Maces & Flails
 + Level 2.1 Throwing
 * Level 1.6 Armour
 * Level 1.5 Dodging
 - Level 1.0 Stealth
 - Level 1.0 Spellcasting
 - Level 2.0 Hexes
 - Level 1.7 Transmutations
 - Level 1.0 Evocations


You had 5 spell levels left.
You didn't know any spells.
Your spell library contained the following spells:

 Spells                   Type           Power      Damage    Failure   Level
 Slow                     Hex            16%        N/A       58%         1
 Beastly Appendage        Tmut           6%         N/A       63%         1
 Apportation              Tloc           0%         N/A       86%         1
 Necrotise                Necr           0%         1d4       86%         1
 Summon Small Mammal      Summ           0%         N/A       86%         1
 Ensorcelled Hibernation  Hex/Ice        4%         N/A       86%         2
 Spider Form              Tmut/Pois      2%         N/A       98%         3
 Anguish                  Hex/Necr       1%         N/A       100%        4


Dungeon Overview and Level Annotations

Branches:
Dungeon (3/15)

Altars:
Qazlal


Innate Abilities, Weirdness & Mutations

You have a small tail.


Message History

The orc priest is lightly wounded.
The orc priest barely misses you.
You hit the orc priest.
Your tail-slap misses the orc priest.
The orc priest is heavily wounded.
An orc priest comes into view. It is wielding a +0 dagger.
You closely miss the orc.
The orc priest looks braver for a moment. x2
The orc priest calls upon Beogh to heal the orc priest.
The orc priest is healed somewhat.
You closely miss the orc.
The orc priest calls upon Beogh to heal the orc priest.
The orc priest's wounds heal themselves!
The orc hits you with a +0 war axe.
The orc priest looks braver for a moment.
You whack the orc!
You kill the orc!
The orc priest hits you from afar with a +0 trident.
You have reached level 4!
You feel agile.
You hit the orc priest.
The orc priest is moderately wounded.
The orc priest hits you from afar with a +0 trident.
The orc priest invokes the aid of Beogh against you.
Pain shoots through your body!
You whack the orc priest!
The orc priest is almost dead.
The orc priest hits you from afar with a +0 trident.
The orc priest looks encouraged for a moment.
You hit the orc priest.
You kill the orc priest!
The orc priest invokes the aid of Beogh against you.
Beogh smites you!
* * * LOW HITPOINT WARNING * * *
The orc priest hits you but does no damage.
It was a potion of degeneration.
There was something very wrong with that liquid.
You feel weakened.
You feel dopey.
You feel clumsy.
The orc priest begins to cast a cantrip, but forgets the words!
The orc priest barely misses you. The orc hits you with a +0 mace.
You die...

######.# ## #.#
....##.########
..............## #
..###..###<###.# .. ..#
#......# #.# .#
..###..###.###.# .#
.......# #.....###o###.
.[.....##....#..@o.....
......###.<..#####o###.
##...##.>... #
##.##....[.
##...#...... #......#
##...#.# ##.....#
....##.#


You could see 2 orc priests and an orc.

Vanquished Creatures
  An orc priest (D:3)
  2 adders (D:2)
  A worm (D:2)
  A dart slug (D:1)
  An orc (D:3)
  3 ball pythons
  4 bats
  2 endoplasms
  2 giant cockroaches (D:2)
  4 goblins
  2 hobgoblins
  4 jackals (D:2)
  2 quokkas
  5 frilled lizards
  5 kobolds
  5 rats
44 creatures vanquished.

Notes
Turn   | Place    | Note
-------+----------+-------------------------------------------
     0 | D:1      | Carnifexus the Demonspawn Wanderer began the quest for the
                  | Orb.
     0 | D:1      | Carnifexus set off with the following items: a +0 dagger, 8
                  | boomerangs, a potion of berserk rage, a +0 robe; and the
                  | following spells available to memorise: Slow, Beastly
                  | Appendage, Ensorcelled Hibernation, Spider Form, Anguish.
     0 | D:1      | Reached XP level 1. HP: 15/15 MP: 2/2
   221 | D:1      | Found a faded altar of an unknown god.
   434 | D:1      | Gained mutation: You have a small tail. [demonic ancestry]
   434 | D:1      | Reached XP level 2. HP: 17/21 MP: 3/3
  1363 | D:2      | Reached skill level 1 in Armour
  1363 | D:2      | Reached XP level 3. HP: 23/26 MP: 4/4
  1501 | D:2      | Reached skill level 1 in Dodging
  1797 | D:2      | Identified the +9 whip "Wecass Ofet" {vorpal, rElec rPois
                  | Will+}
  1840 | D:2      | Reached skill level 1 in Short Blades
  2051 | D:2      | Found a stormy altar of Qazlal.
  2464 | D:3      | Reached XP level 4. HP: 23/32 MP: 5/5
  2466 | D:3      | HP: 1/32 [orc priest/divine providence (12)]
  2467 | D:3      | Slain by an orc

Illustrated notes

Levels and vault maps discovered:
D:1:      ebering_trefoil_twist, layout_loops_ring,
          ebering_ecumenical_altar_webs
D:2:      layout_loops_ring, basic_altar
D:3:      layout_loops_ring, nicolae_overflow_crystal_walls,
          gammafunk_ghost_necromancy

Skill      XL: |  1  2  3 |
---------------+----------+-----
Throwing       | 2 |  2.1
Armour         | 1 |  1.6
Dodging        | 1 |  1.5
Short Blades   | 1 |  1.3
Fighting       | |  1.7
Maces & Flails | |  0.8
Stealth        | |  1.0
Spellcasting   | |  1.0
Hexes          | |  2.0
Transmutations | |  1.7
Evocations     | |  1.0

Action                   |  1- 3 |  4- 6 || total
-------------------------+-------+-------++-------
Melee: Dagger            |   158 |       ||   158
       Tailslap          |    16 |       ||    16
       Whip              |    24 |     3 ||    27
       Punch             |     2 |       ||     2
  Use: Potion            |       |     1 ||     1
Armor: Scale mail        |    91 |     1 ||    92
Dodge: Dodged            |    88 |     1 ||    89
